General information
- name: BNet
- type: Ladder 1vs1/FFA
- host: Battle.net
- saver: pithy
map: TurtleRock
- players: 2
- length: 21:10
- speed: Fast
- version: 1.21 W3XP
- replay type: Public
» download(73 KB)
Players
team 1 (winner)
pithy (
pink | 166 APM | 3522 actions | 21:10)
5 Death Knight
3 Death Coil
2 Unholy Aura
4 Lich
2 Frost Nova
2 Frost Armor
3 Dreadlord
2 Sleep
1 Vampiric Aura
» actions
| Assign group hotkey | 33 | |
| Basic commands | 466 | |
| Build / train | 72 | |
| Enter build submenu | 19 | |
| Enter hero's abilities submenu | 12 | |
| Give item / drop item | 2 | |
| Remove unit from queue | 1 | |
| Right click | 928 | |
| Select / deselect | 201 | |
| Select group hotkey | 1702 | |
| Use ability | 86 | |
3522 total
» units
| Acolyte | 10 | |
| Ghoul | 4 | |
| Crypt Fiend | 8 | |
| Obsidian Statue | 4 | |
| Frost Wyrm | 3 | |
29 total
» upgrades
| Burrow | 1 | |
| Creature Attack | 2 | |
| Web | 1 | |
| Destroyer Form | 1 | |
| Creature Carapace | 1 | |
6 total
» buildings
| Crypt | 1 | |
| Graveyard | 1 | |
| Ziggurat | 9 | |
| Altar of Darkness | 1 | |
| Tomb of Relics | 1 | |
| Halls of the Dead | 4 | |
| Slaughterhouse | 2 | |
| Black Citadel | 1 | |
| Sacrificial Pit | 1 | |
| Boneyard | 1 | |
| Spirit Tower | 1 | |
| Nerubian Tower | 1 | |
24 total
» build order
00:07 Crypt
00:19 Graveyard
00:39 Ziggurat
00:59 Altar of Darkness
01:39 Ziggurat
01:54 Tomb of Relics
03:23 Halls of the Dead
03:23 Halls of the Dead
03:24 Halls of the Dead
04:26 Ziggurat
05:17 Ziggurat
05:19 Ziggurat
06:12 Slaughterhouse
06:14 Slaughterhouse
06:20 Black Citadel
07:01 Sacrificial Pit
07:13 Ziggurat
12:17 Boneyard
14:44 Ziggurat
14:45 Ziggurat
15:20 Ziggurat
16:59 Spirit Tower
17:00 Nerubian Tower
» items
| Rod of Necromancy | 2 | |
| Potion of Healing | 1 | |
| Orb of Corruption | 1 | |
| Scroll of Town Portal | 1 | |
| Potion of Lesser Invulnerability | 2 | |
| Scroll of Healing | 1 | |
8 total
team 2 (loser)

»
fightTOkill (
green | 55 APM | 1171 actions | 21:09)
3 Lich
2 Frost Nova
1 Frost Armor
3 Dark Ranger
2 Black Arrow
1 Silence
2 Dreadlord
1 Sleep
1 Vampiric Aura
» actions
| Assign group hotkey | 9 | |
| Basic commands | 104 | |
| Build / train | 64 | |
| Enter build submenu | 24 | |
| Enter hero's abilities submenu | 9 | |
| Give item / drop item | 1 | |
| Remove unit from queue | 6 | |
| Right click | 426 | |
| Select / deselect | 435 | |
| Use ability | 93 | |
1171 total
» units
| Acolyte | 4 | |
| Ghoul | 6 | |
| Crypt Fiend | 8 | |
| Obsidian Statue | 2 | |
| Abomination | 2 | |
| Meatwagon | 1 | |
| Banshee | 2 | |
| Necromancer | 3 | |
| Gargoyle | 1 | |
29 total
» upgrades
| Cannibalize | 1 | |
| Burrow | 1 | |
| Creature Attack | 1 | |
| Web | 1 | |
| Destroyer Form | 1 | |
| Banshee Training | 1 | |
| Disease Cloud | 1 | |
| Skeletal Mastery | 1 | |
| Necromancer Training | 1 | |
| Ghoul Frenzy | 1 | |
10 total
» buildings
| Altar of Darkness | 1 | |
| Crypt | 1 | |
| Ziggurat | 7 | |
| Tomb of Relics | 1 | |
| Graveyard | 1 | |
| Nerubian Tower | 1 | |
| Halls of the Dead | 1 | |
| Slaughterhouse | 1 | |
| Sacrificial Pit | 1 | |
| Black Citadel | 2 | |
| Spirit Tower | 2 | |
| Temple of the Damned | 1 | |
| Boneyard | 1 | |
21 total
» build order
00:10 Altar of Darkness
00:12 Crypt
00:26 Ziggurat
01:00 Ziggurat
01:42 Tomb of Relics
02:05 Graveyard
02:49 Nerubian Tower
03:00 Halls of the Dead
05:16 Ziggurat
06:17 Slaughterhouse
06:28 Sacrificial Pit
09:23 Black Citadel
09:23 Black Citadel
09:27 Ziggurat
09:40 Spirit Tower
10:53 Ziggurat
11:01 Temple of the Damned
11:39 Ziggurat
17:12 Ziggurat
19:42 Boneyard
» items
| Rod of Necromancy | 1 | |
| Dust of Appearance | 2 | |
| Orb of Corruption | 1 | |
| Scroll of Town Portal | 1 | |
5 total
Chat log
(00:44 / All) pithy: hi
(00:51 / All) fightTOkill: sup